 Dungeon Crawl Stone Soup version 0.24.0-35-gdb84b6a5db (webtiles) character file.

Game seed: 1103373860797446653, levelgen mode: deterministic

82 Delamore the Chopper (level 4, -7/39 HPs)
             Began as a Hill Orc Fighter on Nov 17, 2019.
             Killed by divine providence
             ... invoked by an orc priest
              (10 damage)
             ... on level 2 of the Dungeon.
             The game lasted 00:01:32 (923 turns).

Delamore the Chopper (Hill Orc Fighter)              Turns: 923, Time: 00:01:33

Health: -7/39      AC:  6    Str: 19    XL:     4   Next: 43%
Magic:  4/4        EV:  7    Int:  8    God:
Gold:   71         SH:  9    Dex: 10    Spells: 3/3 levels left

rFire    . . .     SeeInvis .   h - +0 hand axe (freeze)
rCold    . . .     Gourm    .   c - +0 shield
rNeg     . . .     Faith    .   b - +0 scale mail
rPois    .         Spirit   .   (no helmet)
rElec    .         Reflect  .   (no cloak)
rCorr    .         Harm     .   (no gloves)
MR       .....                  (no boots)
Stlth    ..........             (no amulet)
HPRegen  0.13/turn              (no ring)
MPRegen  0.09/turn              (no ring)

@: no status effects
A: no striking features
a: Convert to Beogh


You were on level 2 of the Dungeon.
You were not hungry.

You visited 1 branch of the dungeon, and saw 2 of its levels.

You collected 71 gold pieces.

Inventory:

Hand Weapons
 a - a +0 war axe
 h - a +0 hand axe of freezing (weapon)
Armour
 b - a +0 scale mail (worn)
 c - a +0 shield (worn)
Scrolls
 e - 2 scrolls of teleportation {unknown}
 g - 2 scrolls of identify {unknown}
 m - a scroll of magic mapping {unknown}
Potions
 d - a potion of might
 i - a potion of resistance {unknown}
 j - 2 potions of curing {unknown}
 k - a potion of invisibility {unknown}
 l - a potion of brilliance {unknown}
Comestibles
 f - 3 rations


   Skills:
 - Level 3.6 Fighting
 + Level 6.0 Axes
 - Level 3.2 Armour
 - Level 3.2 Shields


You had 3 spell levels left.
You didn't know any spells.
Your spell library was empty.

Dungeon Overview and Level Annotations

Branches:
Dungeon (2/15)

Altars:


Message History

You block the orc priest's attack.
You hit the orc priest. You freeze the orc priest.
The orc priest is almost dead.
You block the orc priest's attack.
You closely miss the orc priest.
The orc priest is almost dead.
The orc priest mumbles some strange prayers to Beogh against you.
Beogh smites you!
* * * LOW HITPOINT WARNING * * *
You closely miss the orc priest.
The orc priest is almost dead.
The orc priest hits you but does no damage.
You closely miss the orc priest.
The orc priest is almost dead.
You block the orc priest's attack.
You closely miss the orc priest.
The orc priest is almost dead.
The orc priest mumbles some strange prayers to Beogh against you.
Beogh smites you!
You die...

#.......... ##.##
###.####.#. #.†).
#.####.# #..##
######......### #..##
#.............# .>(.#.
##.####.#....#.# #..###.
#.......#.##.# ........
#########.##.# ##...###.
......o@.##.#####...####
......#####.#.......#...
##### ...#.#.###.#.#.#.
#.#.#.#..........#
#...........#.#...
###.#.###........#
...#.# #.###....# #.#
#.# #.....#.## ...
#.#######.#.##


You could see an orc priest.

Vanquished Creatures
  An orc wizard (D:2)
  2 adders (D:2)
  A worm (D:2)
  2 dart slugs (D:1)
  An orc (D:2)
  A ball python (D:1)
  5 bats (D:1)
  3 giant cockroaches
  6 goblins (D:1)
  5 hobgoblins (D:1)
  4 kobolds
  A frilled lizard (D:1)
  6 rats (D:1)
38 creatures vanquished.

Notes
Turn   | Place    | Note
-------+----------+-------------------------------------------
     0 | D:1      | Delamore the Hill Orc Fighter began the quest for the Orb.
     0 | D:1      | Reached XP level 1. HP: 19/19 MP: 1/1
    15 | D:1      | Reached skill level 3 in Axes
    67 | D:1      | Reached XP level 2. HP: 23/26 MP: 2/2
   134 | D:1      | Reached skill level 4 in Axes
   265 | D:1      | Reached XP level 3. HP: 31/31 MP: 3/3
   510 | D:1      | Reached skill level 5 in Axes
   878 | D:2      | Reached XP level 4. HP: 34/39 MP: 4/4
   908 | D:2      | Reached skill level 6 in Axes
   923 | D:2      | Killed from afar by an orc priest

Levels and vault maps discovered:
D:1:      roderic_dead_forest, layout_basic, minmay_tree_intersection,
          kennysheep_another_room, st_stairs_5
D:2:      layout_basic

Skill      XL: |  1  2  3  4 |
---------------+-------------+-----
Axes           | 3 4 5 6 |  6.0
Fighting       | |  3.6
Armour         | |  3.2
Shields        | |  3.2

Action                   |  1- 3 |  4- 6 || total
-------------------------+-------+-------++-------
Melee: War axe           |    63 |       ||    63
       Hand axe          |    22 |    22 ||    44
Armor: Scale mail        |    32 |     7 ||    39
Dodge: Dodged            |    26 |     2 ||    28
Block: Shield            |    43 |     6 ||    49
